 Dungeon Crawl Stone Soup version 0.30-a0-782-ge64f9170bb (webtiles) character file.

Game seed: 5890333478339032933

32 IndexError the Shooter (level 3, -1/20 HPs)
             Began as a Gargoyle Hexslinger on Feb 23, 2023.
             Slain by Terence
             ... wielding a +0 short sword
              (6 damage)
             ... on level 2 of the Dungeon.
             The game lasted 00:02:22 (1013 turns).

IndexError the Shooter (Gargoyle Hexslinger)        Turns: 1013, Time: 00:02:23

Health: -1/20      AC:  6    Str: 13    XL:     3   Next: 25%
Magic:  0/4        EV: 12    Int: 13    God:
Gold:   27         SH:  0    Dex: 12    Spells: 3/4 levels left

rFire   . . .      SeeInvis .    a - +1 sling
rCold   . . .      Faith    .    (no shield)
rNeg    + . .      Spirit   .    c - +0 robe
rPois   ∞          Reflect  .    (no helmet)
rElec   +          Harm     .    (no cloak)
rCorr   .          Rampage  .    (no gloves)
Will    .....                    e - +0 pair of boots
Stlth   +                        (no amulet)
HPRegen 0.23/turn                (no ring)
MPRegen 0.09/turn                (no ring)

@: very slightly contaminated
A: sickness immunity, AC +3, negative energy resistance 1, electricity
resistance, torment resistance 1, petrification resistance
a: no special abilities


You were on level 2 of the Dungeon.
You visited 1 branch of the dungeon, and saw 2 of its levels.

You collected 27 gold pieces.

Inventory:

Hand Weapons
 a - a +1 sling (weapon)
Armour
 c - a +0 robe (worn)
 e - a +0 pair of boots (worn)
   (You found it on level 1 of the Dungeon)
 h - a +0 leather armour
   (You found it on level 1 of the Dungeon)
Jewellery
 j - a ring of ice {rC+, rF-}
   (You found it on level 1 of the Dungeon)
Scrolls
 b - a scroll of poison
 d - a scroll of teleportation {unknown}
 i - a scroll of enchant armour {unknown}
 k - a scroll of identify {unknown}
Potions
 f - a potion of resistance {unknown}
 g - a potion of flight {unknown}
 l - a potion of lignification {unknown}


   Skills:
 - Level 1.1 Fighting
 * Level 3.2 Ranged Weapons
 - Level 1.5 Dodging
 - Level 1.0 Spellcasting
 + Level 3.1 Hexes


You had 3 spell levels left.
You knew the following spells:

 Your Spells              Type           Power      Damage    Failure   Level
s - Slow                  Hex            32%        N/A       8%          1

Your spell library contained the following spells:

 Spells                   Type           Power      Damage    Failure   Level
 Inner Flame              Hex/Fire       4%         N/A       41%         3
 Portal Projectile        Hex/Tloc       8%         N/A       41%         3
 Cause Fear               Hex            4%         N/A       61%         4
 Malign Gateway           Summ/Tloc      0%         N/A       100%        7
 Summon Horrible Things   Summ           0%         N/A       100%        8


Dungeon Overview and Level Annotations

Branches:
Dungeon (1/15)

Altars:

Annotations:
D:2 Terence


Innate Abilities, Weirdness & Mutations

You are immune to sickness and miasma.
Your stone body is resilient. (AC +3)
You are immune to poison.
You resist negative energy. (rN+)
You are resistant to electric shocks. (rElec)
You are resistant to unholy torment.
You are immune to petrification.


Message History

Aim: Terence, wielding a +0 short sword and wearing a +0 scale mail (chance to affect: 50%) Terence resists with some effort.
Terence hits you but does no damage.
You now have 1/4 mp.
Casting: Slow (safe; 8% risk of failure)
Confirm with . or Enter, or press ? or * to list all spells.
Aiming: Slow (safe; 8% risk of failure)
Press: ? - help, Shift-Dir - straight line, f/p - Terence
Aim: Terence, wielding a +0 short sword and wearing a +0 scale mail (chance to affect: 50%)
You miscast Slow.
Nothing appears to happen.
Terence hits you with a +0 short sword.
You take 3 damage, and have 17/20 hp.
You now have 0/4 mp.
Terence attacks as you move away! Terence hits you with a +0 short sword.
You take 1 damage, and have 16/20 hp.
Terence hits you with a +0 short sword.
You take 4 damage, and have 13/20 hp.
Terence hits you with a +0 short sword. Terence attacks as you move away!
Terence hits you but does no damage. Terence attacks as you move away!
Terence hits you with a +0 short sword.
You take 3 damage, and have 10/20 hp.
Terence attacks as you move away! Terence hits you with a +0 short sword.
Your magical contamination has completely faded away.
You take 1 damage, and have 9/20 hp.
Casting: Slow (safe; 8% risk of failure)
Confirm with . or Enter, or press ? or * to list all spells.
Aiming: Slow (safe; 8% risk of failure)
Press: ? - help, Shift-Dir - straight line, f/p - Terence
Aim: Terence, wielding a +0 short sword and wearing a +0 scale mail (chance to affect: 50%) Terence seems to slow down.
Terence closely misses you.
You now have 0/4 mp.
Terence is no longer moving slowly.
Terence barely misses you.
You shoot a sling bullet. The sling bullet hits Terence.
Terence hits you with a +0 short sword. Terence attacks as you move away!
Terence hits you with a +0 short sword.
* * * LOW HITPOINT WARNING * * *
You take 4 damage, and have 6/20 hp.
Terence attacks as you move away! Terence closely misses you.
Terence attacks as you move away! Terence hits you with a +0 short sword.
* * * LOW HITPOINT WARNING * * *
You take 2 damage, and have 4/20 hp.
Unknown command.
Unknown command.
Casting: Slow (safe; 8% risk of failure)
Confirm with . or Enter, or press ? or * to list all spells.
Aiming: Slow (safe; 8% risk of failure)
Press: ? - help, Shift-Dir - straight line, f/p - Terence
Aim: Terence, wielding a +0 short sword and wearing a +0 scale mail (lightly wounded, chance to affect: 50%) Terence seems to slow down.
Terence barely misses you.
You now have 0/4 mp.
A giant cockroach comes into view.
Fire: a) +1 sling
Press: ? - help, Q - select action Shift-Dir - straight line, f/p - Terence
Aim: Terence, wielding a +0 short sword and wearing a +0 scale mail (lightly wounded, 60% to hit)
You shoot a sling bullet.
The sling bullet closely misses Terence.
The giant cockroach barely misses you.
Fire: a) +1 sling
Press: ? - help, Q - select action Shift-Dir - straight line, f/p - Terence
Aim: Terence, wielding a +0 short sword and wearing a +0 scale mail (lightly wounded, 60% to hit)
Okay, then.
Fire: a) +1 sling
Press: ? - help, Q - select action Shift-Dir - straight line, f/p - Terence
Aim: Terence, wielding a +0 short sword and wearing a +0 scale mail (lightly wounded, 60% to hit)
You shoot a sling bullet.
The sling bullet hits the giant cockroach but does no damage.
The giant cockroach closely misses you.
The giant cockroach bites you but does no damage.
Fire: a) +1 sling
Press: ? - help, Q - select action Shift-Dir - straight line, f - giant cockroach, p - Terence
Aim: a giant cockroach (56% to hit)
You shoot a sling bullet.
The sling bullet hits the giant cockroach.
The giant cockroach bites you but does no damage.
Fire: a) +1 sling
Press: ? - help, Q - select action Shift-Dir - straight line, f/p - giant cockroach
Aim: a giant cockroach (severely wounded, 56% to hit)
You shoot a sling bullet.
The sling bullet hits the giant cockroach.
Terence hits you with a +0 short sword.
* * * LOW HITPOINT WARNING * * *
Terence barely misses you.
You take 3 damage, and have 5/20 hp.
Casting: Slow (safe; 8% risk of failure)
Confirm with . or Enter, or press ? or * to list all spells.
Aiming: Slow (safe; 8% risk of failure)
Press: ? - help, Shift-Dir - straight line, f - Terence
Aim: Terence, wielding a +0 short sword and wearing a +0 scale mail (lightly wounded, chance to affect: 50%)
You miscast Slow.
You are very lightly contaminated with residual magic.
Nothing appears to happen.
Terence hits you with a +0 short sword.
* * * LOW HITPOINT WARNING * * *
You take 1 damage, and have 4/20 hp.
You now have 1/4 mp.
Casting: Slow (safe; 8% risk of failure)
Confirm with . or Enter, or press ? or * to list all spells.
Aiming: Slow (safe; 8% risk of failure)
Press: ? - help, Shift-Dir - straight line, f/p - Terence
Aim: Terence, wielding a +0 short sword and wearing a +0 scale mail (lightly wounded, chance to affect: 50%) Terence resists with some effort.
Terence shouts, "DIE!!!"
Terence hits you with a +0 short sword.
You die...

#[............###
#.......###.....#
#...@...# #######
#@####### #.....#
#####.# #.# #
#.###.# #.@@..#
#####?# #


You could see Terence.

Vanquished Creatures
  2 bats (D:1)
  6 endoplasms (D:1)
  4 giant cockroaches
  A hobgoblin (D:1)
  2 quokkas (D:1)
  5 ball pythons (D:1)
  3 frilled lizards (D:1)
  2 goblins (D:1)
  A kobold (D:1)
  3 rats (D:1)
29 creatures vanquished.

Notes
Turn   | Place    | Note
-------+----------+-------------------------------------------
     0 | D:1      | IndexError the Gargoyle Hexslinger began the quest for the
                  | Orb.
     0 | D:1      | Reached XP level 1. HP: 12/12 MP: 2/2
   150 | D:1      | Reached XP level 2. HP: 16/16 MP: 3/3
   348 | D:1      | Reached skill level 3 in Hexes
   692 | D:1      | Reached skill level 3 in Ranged Weapons
   775 | D:1      | Reached XP level 3. HP: 20/20 MP: 4/4
   955 | D:1      | You fall into a shaft and drop 1 floor!
   956 | D:2      | Noticed Terence
   992 | D:2      | HP: 3/20 [Terence/+0 short sword (3)]
  1010 | D:2      | HP: 5/20 [Terence/+0 short sword (3)]
  1013 | D:2      | Slain by Terence

Illustrated notes

Levels and vault maps discovered:
D:1:      minmay_arrival_split_and_join, layout_basic
D:2:      minmay_chambers_of_ones, layout_basic, basic_altar,
          uniq_crazy_yiuf_cottage, uniq_terence

Skill      XL: |  1  2 |
---------------+-------+-----
Hexes          | 3 |  3.1
Ranged Weapons | 3 |  3.2
Fighting       | |  1.1
Dodging        | |  1.5
Spellcasting   | |  1.0

Action                     || total
---------------------------++-------
   Fire: Sling             ||    77
   Cast: Slow              ||     5
 Armour: Robe              ||    14
  Dodge: Dodged            ||    19

Table legend: (Time is in decaauts)
 A = Elapsed time spent in this place.
 B = Non-inter-level travel time spent in this place.
 C = Inter-level travel time spent in this place.
 D = Time resting spent in this place.
 E = Time spent auto-exploring this place.
 F = Levels seen in this place.
 G = Mean time per level.
                   A        B        C        D        E       F      G
               +--------+--------+--------+--------+--------+-----+--------+
         Total |   1033 |   1033 |      0 |      0 |    841 |   2 |  516.5 |
       Dungeon |   1033 |   1033 |      0 |      0 |    841 |   2 |  516.5 |
               +--------+--------+--------+--------+--------+-----+--------+

Top non-repeatable levels by time:
     D:1: 973 daAuts
     D:2: 59 daAuts

Table legend:
 A = Kills in this place as a percentage of kills in entire the game.
 B = Kills by you in this place as a percentage of kills by you in the entire game.
 C = Kills by friends in this place as a percentage of kills by friends in the entire game.
 D = Other kills in this place as a percentage of other kills in the entire game.
 E = Experience gained in this place as a percentage of experience gained in the entire game.
 F = Experience gained in this place divided by the number of levels of this place that you have seen.
                   A       B       C       D       E      F
               +-------+-------+-------+-------+-------+----------------------
         Total | 100.0 | 100.0 |   N/A |   N/A | 100.0 |  23.0
       Dungeon | 100.0 | 100.0 |   N/A |   N/A | 100.0 |  23.0
               +-------+-------+-------+-------+-------+----------------------
